[Event "Live Chess"]
[Site "Chess.com"]
[Date "2023.05.21"]
[Round "-"]
[White "stevochess11"]
[Black "profpirate4"]
[Result "0-1"]
[WhiteElo "1716"]
[BlackElo "1310"]
[TimeControl "300"]
[EndTime "2:58:26 PDT"]
[Termination "profpirate4 won by checkmate"]

1. d4 f5 2. Bg5 Nf6 3. Nf3 e6 4. Nbd2 Be7 5. Bxf6 Bxf6 6. e4 fxe4 7. Nxe4 O-O 8. Bd3 d5 9. Ng3 Nc6 10. c3 Ne7 11. O-O Ng6 12. Bxg6 hxg6 13. Qd3 Qe8 14. Rfe1 b6 15. Ne5 Bxe5 16. Rxe5 Qf7 17. Rf1 c5 18.
Rg5 cxd4 19. Rxg6 Ba6 20. Qb1 Bxf1 21. Nh5 Qxf2+ 22. Kh1 Bxg2+ 23. Rxg2 Qf3 24. Kg1 Qxh5 25. cxd4 Rf5 26. Qd3 Raf8 27. Qg3 Rf1# 0-1

[Event "Live Chess"]
[Site "Chess.com"]
[Date "2023.05.21"]
[Round "-"]
[White "ItsNot_Jasper"]
[Black "EdenHazard8"]
[Result "1-0"]
[WhiteElo "1365"]
[BlackElo "1964"]
[TimeControl "300"]
[EndTime "2:58:40 PDT"]
[Termination "ItsNot_Jasper won by resignation"]

1. d4 d5 2. c4 e6 3. Nf3 Nf6 4. Nc3 Be7 5. Bg5 h6 6. Bh4 O-O 7. e3 b6 8. cxd5 Nxd5 9. Bxe7 Nxe7 10. Be2 Bb7 11. O-O Nd7 12. Qc2 Nf6 13. Rfd1 Rc8 14.
Rac1 Qe8 15. a3 c5 16. dxc5 Rxc5 17. b4 Rc7 18. Qb2 Ned5 19. Nxd5 Nxd5 20. Rxc7 Nxc7 21.
a4 Qxa4 22. Ra1 Qc6 23. Rxa7 b5 24. Qe5 Nd5 25. Nd4 Qc1+ 26. Bf1 Ba8 27. Nxb5 Nxb4 28.
Qd6 Nd5 29. Nc7 Nc3 30. Qa6 Bc6 31. Qc4 Rc8 32. Nxe6 Bb7 33. Qg4 fxe6 34. Rxb7 1-0

[Event "Live Chess"]
[Site "Chess.com"]
[Date "2023.05.21"]
[Round "-"]
[White "WilliamofOrange16th"]
[Black "DoYouLikeCurry"]
[Result "1-0"]
[WhiteElo "1861"]
[BlackElo "1393"]
[TimeControl "300"]
[EndTime "2:58:45 PDT"]
[Termination "WilliamofOrange16th won on time"]

1. e4 c6 2. d4 d5 3. exd5 cxd5 4. c4 Nf6 5. Nf3 g6 6. Nc3 Bg4 7. h3 Bxf3 8. Qxf3 e6 9. c5 Nc6 10. Bg5 Bg7 11. Rd1 O-O 12. Be2 Rc8 13. O-O h6 14.
Bh4 g5 15. Bg3 Nd7 16. Nb5 a6 17. Nd6 Rb8 18. Qc3 Qe7 19. Bh5 Nf6 20. Bf3 b5 21.
b4 Ne8 22. Rfe1 Nxd6 23. Bxd6 Qf6 24. Be5 Nxe5 25. dxe5 Qe7 26. a3 Qc7 27. h4 gxh4 28. Qd4 Qe7 29. Rc1 Qg5 30. c6 Rbc8 31. c7 Qe7 32.
Qc5 Qxc5 33. Rxc5 Rfe8 34. Rc6 Re7 35. Rxa6 Rexc7 36. Ra5 Rc1 37. Rxc1 Rxc1+ 38. Kh2 Bxe5+ 39. Kh3 d4 40. Rxb5 Bf6 41. Be4 d3 42. Bxd3 Rc3 43. Kg4 Rxd3 44. a4 Rd4+ 45. Kf3 Rd8 46. a5 Bc3 47.
Rb7 Rd5 48. a6 Rd8 49. a7 Kg7 50. Rb8 Rd3+ 51. Ke2 Rd2+ 52. Ke3 Ra2 53. a8=Q Rxa8 54. Rxa8 Bxb4 55. Ra4 Be7 56. Rg4+ Bg5+ 57. Ke4 Kg6 58. Kd3 f5 59. Ra4 e5 60. Ra5 Kh5 61. Rxe5 Kg4 62. Re8 f4 63. Rg8 h3 64. gxh3+ Kxh3 65. Ke2 Kg2 66. f3 1-0

[Event "Live Chess"]
[Site "Chess.com"]
[Date "2023.05.21"]
[Round "-"]
[White "worldchessleaguelive"]
[Black "JoshMcK"]
[Result "1-0"]
[WhiteElo "1376"]
[BlackElo "1508"]
[TimeControl "300"]
[EndTime "2:59:21 PDT"]
[Termination "worldchessleaguelive won by resignation"]

1. d4 d5 2. Bf4 Nf6 3. Nf3 e6 4. e3 Bd6 5. Nbd2 O-O 6. g3 c5 7. c3 cxd4 8. cxd4 Bxf4 9. exf4 Nc6 10. Bg2 Qb6 11. Nb3 Qb4+ 12. Qd2 Qxd2+ 13. Nfxd2 a5 14. a4 Bd7 15. O-O Nb4 16. Nc5 Bc6 17. Rfc1 Rac8 18.
Bf1 Ne4 19. Ndxe4 dxe4 20. Bg2 f5 21. Nxe6 Rfe8 22. Nc5 Rcd8 23. Rd1 Nc2 24. Rac1 Nxd4 25. Bf1 Nf3+ 26. Kg2 e3 27. Bc4+ Kh8 28. Rxd8 Rxd8 29. fxe3 Rd2+ 30. Kf1 Nxh2+ 31. Ke1 Nf3+ 32. Kf1 Rxb2 33.
Nd3 Nh2+ 34. Kg1 Rg2+ 35. Kh1 Rc2+ 36. Kg1 Rg2+ 37. Kh1 Nf3 38. Kxg2 Ne5+ 39. Kf2 Ng4+ 40. Ke2 1-0

[Event "Live Chess"]
[Site "Chess.com"]
[Date "2023.05.21"]
[Round "-"]
[White "apl_trainer"]
[Black "RedRook90"]
[Result "1-0"]
[WhiteElo "1768"]
[BlackElo "1950"]
[TimeControl "300"]
[EndTime "2:59:28 PDT"]
[Termination "apl_trainer won by resignation"]

1. d4 d5 2. c4 e6 3. Nc3 Nf6 4. Nf3 Be7 5. Bf4 c6 6. e3 O-O 7. Bd3 Nbd7 8. c5 b6 9. b4 a5 10. a3 Ba6 11. b5 cxb5 12. c6 Nb8 13.
c7 Qd7 14. cxb8=Q Raxb8 15. Bxb8 Rxb8 16. O-O b4 17. Bxa6 bxc3 18. Ne5 Qc7 19. Qd3 Ne4 20. Rfc1 f6 21. f3 1-0

[Event "Live Chess"]
[Site "Chess.com"]
[Date "2023.05.21"]
[Round "-"]
[White "Reggie016"]
[Black "yeetpizza74"]
[Result "1-0"]
[WhiteElo "1137"]
[BlackElo "495"]
[TimeControl "300"]
[EndTime "2:59:31 PDT"]
[Termination "Reggie016 won by checkmate"]

1. e4 c6 2. d4 d5 3. Nc3 e6 4. exd5 cxd5 5. Nf3 Bb4 6. Bb5+ Bd7 7. Bd2 Bxc3 8.
Bxd7+ Qxd7 9. Bxc3 Nf6 10. Ne5 Qd6 11. O-O O-O 12. a3 Nc6 13. Nxc6 bxc6 14. Bb4 Qc7 15. Bxf8 Ng4 16. Qxg4 Rxf8 17. b3 c5 18. c4 dxc4 19. bxc4 cxd4 20. Qxd4 Rd8 21. Qe3 Qxc4 22.
Rac1 Qd5 23. Qxa7 Ra8 24. Qc5 Qb3 25. Qc8+ Rxc8 26. Rxc8# 1-0

[Event "Live Chess"]
[Site "Chess.com"]
[Date "2023.05.21"]
[Round "-"]
[White "CeladonFish"]
[Black "Shepherds_Pie"]
[Result "0-1"]
[WhiteElo "1073"]
[BlackElo "1946"]
[TimeControl "300"]
[EndTime "2:59:31 PDT"]
[Termination "Shepherds_Pie won by resignation"]

1. d4 d5 2. c4 e6 3. Nc3 c5 4. cxd5 cxd4 5. Qa4+ Bd7 6. Qxd4 exd5 7. Nxd5 Nc6 8. Qf4 Qa5+ 9. Bd2 Qxd5 10. Nf3 Nf6 11. Rd1 Bd6 12. Qg5 Qxg5 13. Nxg5 Be7 14. Bc3 h6 15. Nf3 Be6 16. Rd4 Nxd4 0-1

[Event "Live Chess"]
[Site "Chess.com"]
[Date "2023.05.21"]
[Round "-"]
[White "VovaOvchar1990"]
[Black "martynstanley"]
[Result "1-0"]
[WhiteElo "1226"]
[BlackElo "1006"]
[TimeControl "300"]
[EndTime "2:59:33 PDT"]
[Termination "VovaOvchar1990 won by checkmate"]

1. g3 e6 2. Bg2 d5 3. Nf3 c5 4.
Ne5 Nc6 5. Nxc6 bxc6 6. d4 Bb7 7. e3 Qb6 8. O-O cxd4 9. exd4 Bb4 10. c3 Bd6 11. a3 c5 12. Be3 cxd4 13. Bxd4 Bc5 14.
Bxg7 O-O-O 15. Bxh8 Ne7 16. Bf6 h5 17. Bxe7 Bxe7 18. Qxh5 d4 19. cxd4 Bxg2 20. Kxg2 Qc6+ 21. Kg1 Rxd4 22. Qh8+ Kd7 23. Qxd4+ Bd6 24. Nc3 e5 25. Qg4+ Kc7 26. Rac1 Kb7 27. Qg7 Qc7 28. Nb5 Qe7 29.
Nxd6+ Qxd6 30. Qxf7+ Ka6 31. Qe8 Qb6 32. Rc6 e4 33.
Rxb6+ axb6 34. Qxe4 Ka5 35. b4+ Ka4 36. Qc6+ b5 37. Qa6+ Kb3 38. Rb1+ Kc4 39. Qc6+ Kd3 40. Rd1+ Ke2 41. Qf3+ Kxf3 42. Rd5 Ke2 43. Rxb5 Kd2 44.
a4 Kc3 45. a5 Kb3 46. a6 Kc4 47. Rb8 Kb3 48. a7 Kb2 49. a8=Q Kb3 50. h4 Kb2 51. b5 Kb3 52. b6 Kb4 53. b7 Kb5 54. Rc8 Kb6 55. b8=N Kb5 56. h5 Kb4 57. h6 Kb3 58. h7 Kb2 59. h8=B+ Kb1 60. Qa1# 1-0

[Event "Live Chess"]
[Site "Chess.com"]
[Date "2023.05.21"]
[Round "-"]
[White "Ferrarifan27"]
[Black "JanMur7"]
[Result "1/2-1/2"]
[WhiteElo "2109"]
[BlackElo "1977"]
[TimeControl "300"]
[EndTime "2:59:39 PDT"]
[Termination "Game drawn by agreement"]

1. e4 e5 2. Nf3 Nc6 3. Bb5 Nf6 4. O-O Nxe4 5. d4 Nd6 6. Bxc6 dxc6 7. dxe5 Nf5 8.
Qxd8+ Kxd8 9. Nc3 Ne7 10. Bg5 h6 11. Rad1+ Ke8 12. Be3 Bf5 13. Rd2 Ng6 14. Nd4 Bd7 15. f4 Bc5 16. Nf5 Bxf5 17. Bxc5 b6 18. Be3 Rd8 19.
Rfd1 Rxd2 20. Rxd2 Ke7 21. h3 h5 22. Ne2 Rd8 23.
Nd4 Bd7 24. Kf2 c5 25. Nb3 Bf5 26. Rxd8 Kxd8 27. c3 Be6 28. Nc1 Ne7 29. a3 Nd5 30. Ne2 Nxe3 31. Kxe3 Bd5 32. g4 Bg2 33. Ng1 g6 34.
Kf2 Bb7 35. gxh5 gxh5 36. Kg3 Ke7 37. Kh4 Ke6 38. Kxh5 Kf5 39. Kh6 Kxf4 40. Kg7 Bd5 41. Kf6 Be6 42. Ne2+ Ke3 43. Ng3 Bxh3 44. Kxf7 Kd2 45.
e6 Kc2 46. e7 Bd7 47. Ne4 Kxb2 48. e8=Q Bxe8+ 49. Kxe8 Kxa3 50. Kd7 b5 51. Nxc5 b4 52. cxb4 Kxb4 53. Na6+ Kb5 54. Nxc7+ Kb6 55. Nd5+ 1/2-1/2

[Event "Live Chess"]
[Site "Chess.com"]
[Date "2023.05.21"]
[Round "-"]
[White "hturner40"]
[Black "Tushinskiy"]
[Result "0-1"]
[WhiteElo "1814"]
[BlackElo "2151"]
[TimeControl "300"]
[EndTime "2:59:46 PDT"]
[Termination "Tushinskiy won on time"]

1. g3 d5 2. Nf3 c6 3. Bg2 Nf6 4. O-O Bg4 5. Ne5 Bh5 6. c4 e6 7. d4 Bd6 8. Nc3 Nbd7 9. f4 O-O 10.
h3 Re8 11. g4 Bg6 12. e3 dxc4 13. Nxc4 Bc7 14. e4 b5 15. Ne5 Nxe5 16. dxe5 b4 17. exf6 Qxf6 18. f5 bxc3 19. fxg6 Qxg6 20. bxc3 Rad8 21.
Qf3 Bb6+ 22. Kh1 h6 23. h4 Rd7 24. h5 Qh7 25. Ba3 f6 26. Rad1 Rf7 27. e5 Qc2 28.
Qxc6 Rb8 29. Bd6 Rd8 30. Be4 Qe2 31. Bg6 Qxg4 32. Bxf7+ Kxf7 33. Qf3 Qh4+ 34. Kg2 f5 35. Qg3 Qxh5 36. Rh1 Qe2+ 0-1

[Event "Live Chess"]
[Site "Chess.com"]
[Date "2023.05.21"]
[Round "-"]
[White "Biranidun"]
[Black "Davidagye"]
[Result "1-0"]
[WhiteElo "2539"]
[BlackElo "1670"]
[TimeControl "300"]
[EndTime "2:59:49 PDT"]
[Termination "Biranidun won by resignation"]

1. e4 Nf6 2. e5 Nd5 3. d4 d6 4.
Nf3 dxe5 5. Nxe5 c6 6. Be2 Bf5 7. O-O e6 8. c4 Nf6 9. Nc3 Nbd7 10. Nf3 Bd6 11. Nh4 Bg6 12. f4 O-O 13. Nxg6 hxg6 14.
Be3 a6 15. Bf3 Qc7 16. g3 c5 17. d5 exd5 18. Nxd5 Nxd5 19. Qxd5 Nf6 20. Qxb7 Qxb7 21. Bxb7 Rab8 22. Bxa6 Rxb2 23. Rf2 Rfb8 24. Bb5 Rxf2 25.
Bxf2 Bf8 26. a4 Ne4 27. a5 Nxf2 28. Kxf2 Be7 29. a6 Bf6 30. a7 Ra8 31. Bc6 Bd4+ 32. Kf3 Bxa1 33. Bxa8 1-0

[Event "Live Chess"]
[Site "Chess.com"]
[Date "2023.05.21"]
[Round "-"]
[White "gmnorfolk"]
[Black "Rusty_Bridges"]
[Result "1-0"]
[WhiteElo "2122"]
[BlackElo "1509"]
[TimeControl "300"]
[EndTime "2:59:53 PDT"]
[Termination "gmnorfolk won by checkmate"]

1. d4 d5 2. c4 e6 3. Nc3 Nf6 4. cxd5 Nxd5 5. e4 Nxc3 6. bxc3 Be7 7. Bd3 Nc6 8. Nf3 O-O 9. O-O b6 10. Qe2 Bb7 11. Rd1 Bf6 12. Bf4 g6 13. Qe3 Re8 14. Bg5 Bxg5 15. Nxg5 h6 16. Nh3 Kh7 17. Nf4 e5 18. Nd5 Na5 19. Qf3 Bxd5 20. exd5 Nb7 21. Qxf7+ Kh8 22. Qxg6 Qe7 23. Qxh6+ Kg8 24. Bb5 Rf8 25.
Rd3 Rf6 26. Rg3+ Kf7 27. Rg7+ Kf8 28. Qh8# 1-0

[Event "Live Chess"]
[Site "Chess.com"]
[Date "2023.05.21"]
[Round "-"]
[White "LiamClery2020"]
[Black "RoaringKnights"]
[Result "1-0"]
[WhiteElo "1983"]
[BlackElo "1030"]
[TimeControl "300"]
[EndTime "2:59:58 PDT"]
[Termination "LiamClery2020 won by checkmate"]

1. e4 e5 2. Nc3 Bc5 3. Qg4 Qf6 4. Qg3 d6 5. Nd5 Qg6 6. Qxg6 hxg6 7. Nxc7+ Kd7 8. Nxa8 b6 9. Bb5+ Kd8 10. Nf3 Bb7 11.
d3 Bxa8 12. Be3 Bxe3 13. fxe3 Nf6 14. O-O Bc6 15. Bxc6 Nxc6 16. Ng5 Ke7 17. Rad1 Ng4 18. Rxf7+ Ke8 19. Rc7 Nxh2 20. Rxc6 Ng4 21. Rc8+ Kd7 22.
Rxh8 Nxe3 23. Rd2 Ng4 24. Rg8 Nf6 25. Rxg7+ Kc6 26. Rxg6 Nh5 27. d4 Nf4 28. Rf6 Nh5 29. dxe5 Nxf6 30. exf6 Kd7 31. f7 Ke7 32. Rf2 Kf8 33.
Ne6+ Ke7 34. f8=Q+ Kxe6 35. Rf6+ Ke5 36. Qxd6+ Kxe4 37.
Rf4+ Ke3 38. Qd4+ Ke2 39. Rf2+ Ke1 40. Qd2# 1-0

[Event "Live Chess"]
[Site "Chess.com"]
[Date "2023.05.21"]
[Round "-"]
[White "YrrriKharkiv"]
[Black "wot-not"]
[Result "1-0"]
[WhiteElo "2072"]
[BlackElo "1540"]
[TimeControl "300"]
[EndTime "3:00:00 PDT"]
[Termination "YrrriKharkiv won by resignation"]

1. e4 e6 2. d3 d5 3. Nc3 Nf6 4. Bg5 Bb4 5. e5 h6 6. Bd2 Nfd7 7. f4 c5 8. Nf3 Nc6 9. a3 Bxc3 10. Bxc3 d4 11. Bd2 f6 12. Be2 fxe5 13. Nxe5 Ndxe5 14. fxe5 Nxe5 15. Bh5+ g6 16. O-O Qe7 17. Qe2 Qd6 18. Bf4 gxh5 19. Bxe5 1-0

[Event "Live Chess"]
[Site "Chess.com"]
[Date "2023.05.21"]
[Round "-"]
[White "PetorPrydatko"]
[Black "RichardABates"]
[Result "0-1"]
[WhiteElo "355"]
[BlackElo "2076"]
[TimeControl "300"]
[EndTime "3:00:01 PDT"]
[Termination "RichardABates won by checkmate"]

1. e4 c5 2. Bc4 e6 3. Nf3 a6 4.
Nc3 b5 5. Bb3 c4 6. Bxc4 bxc4 7.
O-O Bb7 8. d4 cxd3 9. cxd3 Nf6 10.
Qe1 Bb4 11. e5 Nd5 12. Bg5 Qa5 13. d4 Nxc3 14. Rc1 Nd5 15. Qd1 O-O 16. Be7 Bxe7 17.
Qe2 Nf4 18. Qe4 Bxe4 19. Rce1 Bxf3 20. gxf3 Qd5 21. Re3 Bg5 22. b3 Nc6 23. Rd1 Nxd4 24. Red3 Nxf3+ 25. Rxf3 Qxd1# 0-1

[Event "Live Chess"]
[Site "Chess.com"]
[Date "2023.05.21"]
[Round "-"]
[White "Mugzwang"]
[Black "TheSmoulderingMaster"]
[Result "1-0"]
[WhiteElo "1545"]
[BlackElo "1709"]
[TimeControl "300"]
[EndTime "3:00:12 PDT"]
[Termination "Mugzwang won by resignation"]

1. Nf3 d5 2. c4 d4 3. e3 c5 4. b4 b6 5. bxc5 bxc5 6. Ne5 Qc7 7. Qf3 Qxe5 8. Qxa8 Nf6 9. Be2 g6 10. Qxa7 Bg7 11.
Ba3 O-O 12. Qxc5 Qe4 13. Qxe7 Qxg2 14. Rf1 Bh3 15. Qe5 dxe3 16. Bxf8 exf2+ 17. Rxf2 Qxf2+ 18. Kxf2 Ng4+ 19. Bxg4 Bxe5 20. Bxh3 Bxa1 21. Bd6 Nc6 22. Bd7 Nd4 23. Be5 Nc2 24. Bxa1 Nxa1 25. a4 Nb3 26. Nc3 Kf8 27. Bb5 Ke7 28. Ke3 f5 29. d4 g5 30. d5 h5 31. Ne2 f4+ 32. Kf3 Nc5 33. Nd4 Nd3 34. Nf5+ Kd8 35. d6 g4+ 36. Ke4 f3 37. Kxd3 h4 38. Ne3 g3 39.
hxg3 h3 40. Nf1 1-0

[Event "Live Chess"]
[Site "Chess.com"]
[Date "2023.05.21"]
[Round "-"]
[White "GwaryTek"]
[Black "McSlash1"]
[Result "1-0"]
[WhiteElo "2065"]
[BlackElo "2001"]
[TimeControl "300"]
[EndTime "3:00:32 PDT"]
[Termination "GwaryTek won by checkmate"]

1. d4 c5 2. d5 d6 3. c4 g6 4.
Nc3 Bg7 5. e4 Nf6 6. Nge2 O-O 7.
Ng3 Nbd7 8. f3 a6 9. a4 Rb8 10. Be2 Ne5 11. O-O Bd7 12. h3 Be8 13. f4 Ned7 14.
Bf3 b5 15. axb5 axb5 16. Nxb5 Nb6 17. Na3 Ba4 18. Qe2 h5 19. e5 dxe5 20. fxe5 Ne8 21. Bg5 Qd7 22. Kh1 f6 23. e6 Qd6 24. Ne4 Qe5 25. Bh4 f5 26. Nxc5 Qxb2 27. Bxe7 Qxe2 28.
Bxe2 Bxa1 29. Rxa1 Nf6 30. Bxf8 Kxf8 31. Rb1 Ke7 32. Nxa4 Ra8 33. Nxb6 Rxa3 34. Bf3 g5 35. Re1 g4 36. hxg4 hxg4 37. Bd1 g3 38. c5 Ne4 39.
Nc8+ Kd8 40. e7+ Ke8 41. Bh5+ Kd7 42. e8=Q+ Kc7 43. Qc6+ Kb8 44. Rb1+ Rb3 45. Rxb3# 1-0

[Event "Live Chess"]
[Site "Chess.com"]
[Date "2023.05.21"]
[Round "-"]
[White "Pablo_dmp"]
[Black "KeithArkell"]
[Result "1-0"]
[WhiteElo "1875"]
[BlackElo "2495"]
[TimeControl "300"]
[EndTime "3:00:50 PDT"]
[Termination "Pablo_dmp won by resignation"]

1. e4 c6 2. d4 d5 3. e5 c5 4. dxc5 Nc6 5. f4 e6 6. Be3 d4 7. Bf2 Bxc5 8. Nd2 Nge7 9. a3 a5 10. Ne4 Qb6 11. Bd3 Nd5 12. Nh3 Ne3 13. Qf3 Qxb2 14.
Kd2 Bxa3 15. Rhb1 Qb4+ 16. Rxb4 Bxb4+ 17. Ke2 Nd5 18. Nd6+ Bxd6 19. exd6 Ndb4 20. Qe4 g6 21. Bxd4 Nxd4+ 22. Qxd4 O-O 23. d7 Bxd7 24. Qxd7 Rfd8 25.
Qxb7 Rac8 26. Rxa5 Nxd3 27. cxd3 Rc2+ 28. Ke3 Rc3 29. Nf2 Kg7 30. Qb2 1-0

[Event "Live Chess"]
[Site "Chess.com"]
[Date "2023.05.21"]
[Round "-"]
[White "EdenHazard8"]
[Black "Duke_of_Bebington"]
[Result "1-0"]
[WhiteElo "1966"]
[BlackElo "1587"]
[TimeControl "300"]
[EndTime "3:00:53 PDT"]
[Termination "EdenHazard8 won by resignation"]

1. e4 e5 2. Nf3 Nf6 3. Nxe5 d6 4. Nd3 Nxe4 5. Qe2 Qe7 6. Nc3 Nxc3 7. dxc3 Qxe2+ 8.
Bxe2 Nc6 9. h4 Be6 10. g3 Be7 11. Bf3 Kd7 12. Be3 Rab8 13. O-O-O h6 14. Nc5+ Kc8 15. Nxe6 fxe6 16. Bg4 Nd8 17. Bxa7 Ra8 18. Bd4 Rxa2 19. Kb1 Ra5 20. Rhe1 Kb8 21. Bxe6 Re8 22. Bxg7 Nc6 23. Bd7 1-0

[Event "Live Chess"]
[Site "Chess.com"]
[Date "2023.05.21"]
[Round "-"]
[White "JohanKjeldahl"]
[Black "RockTroll"]
[Result "0-1"]
[WhiteElo "1884"]
[BlackElo "2230"]
[TimeControl "300"]
[EndTime "3:00:56 PDT"]
[Termination "RockTroll won by resignation"]

1. c4 Nf6 2. Nc3 g6 3. d4 Bg7 4. Nf3 O-O 5. g3 d6 6. Bg2 c6 7. O-O Bf5 8. b3 Ne4 9. Bb2 Nxc3 10. Bxc3 Be4 11. e3 d5 12. Ng5 Bxg2 13. Kxg2 e6 14. Rc1 Qxg5 15. cxd5 Qxd5+ 16. f3 Nd7 17. e4 Qd6 18. Qd2 Rad8 19. Bb4 c5 20. dxc5 Qxd2+ 21.
Bxd2 Rc8 22. Be3 a5 23. Rfd1 Ne5 24. a3 Rfd8 25. Rxd8+ Rxd8 26. b4 axb4 27. axb4 Nd3 28. Rb1 Bd4 29. Bd2 Ra8 30. Kh3 Ra2 31. Bg5 f6 32. Bh6 g5 33. f4 Nf2+ 34. Kg2 Nxe4+ 35. Kf3 Nd2+ 0-1

[Event "Live Chess"]
[Site "Chess.com"]
[Date "2023.05.21"]
[Round "-"]
[White "chessfiction"]
[Black "Ian-Morley"]
[Result "1-0"]
[WhiteElo "2318"]
[BlackElo "1050"]
[TimeControl "300"]
[EndTime "3:01:07 PDT"]
[Termination "chessfiction won by resignation"]

1. e4 e5 2. d4 exd4 3. c3 dxc3 4. Nxc3 Bb4 5. Nf3 Bxc3+ 6. bxc3 Nf6 7. e5 Ng8 8. Bc4 d5 9. Bxd5 c6 10. Bxf7+ Ke7 11. Bg5+ Nf6 12. Bb3 Qxd1+ 13. Rxd1 h6 14. exf6+ gxf6 15. Be3 Bg4 16. Rd4 Bxf3 17. gxf3 Nd7 18.
Rg1 Rh7 19. Bf4 Ne5 20. Bxe5 fxe5 21. Re4 Kd6 22. Rg6+ Kc7 23. Rxe5 Rd7 24. Rxh6 Rad8 25. Rhe6 Rd6 26. Rxd6 Rxd6 27. f4 Rh6 28. f5 Rxh2 29. f6 Rh1+ 30. Ke2 Rh8 31. f7 Rf8 32. Re8 1-0

[Event "Live Chess"]
[Site "Chess.com"]
[Date "2023.05.21"]
[Round "-"]
[White "ChessTWSS"]
[Black "Purple1szed"]
[Result "0-1"]
[WhiteElo "1644"]
[BlackElo "1829"]
[TimeControl "300"]
[EndTime "3:01:11 PDT"]
[Termination "Purple1szed won on time"]

1. d4 Nf6 2. Bf4 c5 3. e3 d5 4. c3 Nc6 5. Bd3 e6 6. Nd2 cxd4 7. cxd4 Bd6 8. Bg3 O-O 9. Ngf3 a6 10. O-O Bxg3 11.
hxg3 Re8 12. a3 e5 13. Nxe5 Nxe5 14. dxe5 Rxe5 15. Nf3 Re8 16. b4 Bg4 17. Rc1 Qd7 18. Qc2 Rac8 19. Qb1 Bxf3 20. gxf3 h6 21. Bf5 Rxc1 22.
Rxc1 Qd6 23. f4 g6 24. Bh3 Ne4 25. Qc2 Re7 26. Bg2 Nf6 27. g4 Kh7 28. g5 hxg5 29. fxg5 Ne4 30. Bxe4 Rxe4 31. Qc5 Rg4+ 32. Kf1 Qh2 33.
Qc7 Rg1+ 34. Ke2 Qh5+ 35. f3 Rg2+ 36. Kd3 Qxf3 37. Kd4 Qe4+ 38. Kc5 Qxe3+ 39. Kxd5 Rd2+ 0-1

[Event "Live Chess"]
[Site "Chess.com"]
[Date "2023.05.21"]
[Round "-"]
[White "Greenbecker"]
[Black "BostonStrangler"]
[Result "0-1"]
[WhiteElo "1644"]
[BlackElo "2076"]
[TimeControl "300"]
[EndTime "3:01:14 PDT"]
[Termination "BostonStrangler won by resignation"]

1. e4 c5 2. Nf3 g6 3. d4 cxd4 4. Nxd4 Nc6 5. Bc4 Bg7 6. c3 Nf6 7. Nd2 O-O 8. O-O Nxd4 9. cxd4 Nxe4 10. Nxe4 d5 11. Bxd5 Qxd5 12. Nc3 Qxd4 13. Be3 Qxd1 14. Raxd1 Bg4 15. f3 Bxc3 16. bxc3 Be6 17. a3 Rfc8 18. Bd4 f6 19. Rfe1 Kf7 20. Rb1 b6 21. Re3 Bf5 22. Rbe1 e5 23. Bxe5 fxe5 24. Rxe5 Re8 0-1

[Event "Live Chess"]
[Site "Chess.com"]
[Date "2023.05.21"]
[Round "-"]
[White "f4nomore"]
[Black "seasidecastle27"]
[Result "0-1"]
[WhiteElo "1406"]
[BlackElo "1879"]
[TimeControl "300"]
[EndTime "3:01:29 PDT"]
[Termination "seasidecastle27 won by checkmate"]

1. b3 e5 2. Bb2 d6 3. Nc3 f5 4. e3 Nf6 5. Nf3 Be7 6. Bc4 c6 7. O-O d5 8. Be2 Nbd7 9. h3 O-O 10. Nh2 e4 11. f3 Ne5 12. fxe4 fxe4 13. d4 Ng6 14. Bg4 Bd6 15. Bxc8 Rxc8 16. Na4 Bc7 17. Ng4 Qd6 18. Nxf6+ Rxf6 19. Qe2 Qh2# 0-1

[Event "Live Chess"]
[Site "Chess.com"]
[Date "2023.05.21"]
[Round "-"]
[White "SupremeTactician"]
[Black "domrobson"]
[Result "0-1"]
[WhiteElo "2228"]
[BlackElo "1712"]
[TimeControl "300"]
[EndTime "3:01:30 PDT"]
[Termination "domrobson won by resignation"]

1. e4 e5 2. Nf3 Nc6 3. Nc3 Nf6 4. Bb5 Bd6 5. O-O O-O 6. d3 h6 7. h3 a6 8. Bxc6 dxc6 9. Ne2 Kh7 10. Ng3 g6 11.
Qd2 Ng8 12. Qe2 f5 13. exf5 Bxf5 14. Nxe5 Re8 15. f4 Bc5+ 16. Be3 Bxe3+ 17. Qxe3 Qf6 18.
Nxf5 Qxf5 19. g4 Qf6 20. Rae1 Rad8 21. Nd7 Qd6 22. Ne5 Qd4 23. Qxd4 Rxd4 24. Re3 Nf6 25. c3 Rd6 26. c4 Rd4 27. Kf2 Rxf4+ 28. Kg2 Rxf1 29. Kxf1 Nd7 30. d4 c5 31. Re2 Nxe5 32. Rxe5 Rxe5 33. dxe5 Kg7 34. Ke2 Kf7 35. Ke3 Ke6 36.
Ke4 g5 37. a4 b6 38. b3 c6 39. Ke3 Kxe5 40. Kf3 Kd4 41. Kg3 b5 42. axb5 cxb5 43.
h4 bxc4 44. bxc4 a5 45. hxg5 hxg5 0-1

[Event "Live Chess"]
[Site "Chess.com"]
[Date "2023.05.21"]
[Round "-"]
[White "Davidagye"]
[Black "LiamClery2020"]
[Result "0-1"]
[WhiteElo "1668"]
[BlackElo "1985"]
[TimeControl "300"]
[EndTime "3:01:37 PDT"]
[Termination "LiamClery2020 won by checkmate"]

1. b4 Nf6 2. Bb2 e6 3. a3 a5 4. b5 d5 5. e3 c6 6. Nf3 Bd7 7. a4 c5 8. Be2 Bd6 9. O-O O-O 10. c4 Re8 11. cxd5 exd5 12. d4 c4 13. Nc3 b6 14.
Nd2 Qc7 15. h3 Qc8 16. Bf3 Bxh3 17. gxh3 Qxh3 18. Re1 Bh2+ 19. Kh1 Bg3+ 20. Kg1 Qh2+ 21. Kf1 Qxf2# 0-1

[Event "Live Chess"]
[Site "Chess.com"]
[Date "2023.05.21"]
[Round "-"]
[White "WombatIn_A_Box"]
[Black "Crowded_House"]
[Result "1-0"]
[WhiteElo "570"]
[BlackElo "1650"]
[TimeControl "300"]
[EndTime "3:01:38 PDT"]
[Termination "WombatIn_A_Box won by checkmate"]

1. d4 e6 2. e4 d5 3. Nc3 Bb4 4.
a3 Bxc3+ 5. bxc3 dxe4 6. c4 Nf6 7. f4 exf3 8. Nxf3 O-O 9. Ne5 Nbd7 10. Nxd7 Bxd7 11. Rg1 Ba4 12. Ra2 Qd7 13. g4 Rad8 14.
g5 Ne4 15. Bd3 Qxd4 16. Qg4 Qc3+ 17. Ke2 Rd4 18. g6 Nf6 19. gxh7+ Kh8 20. Qxg7# 1-0

[Event "Live Chess"]
[Site "Chess.com"]
[Date "2023.05.21"]
[Round "-"]
[White "Ian-Morley"]
[Black "Greenbecker"]
[Result "0-1"]
[WhiteElo "1049"]
[BlackElo "1645"]
[TimeControl "300"]
[EndTime "3:02:00 PDT"]
[Termination "Greenbecker won by resignation"]

1. e4 e6 2. d4 d5 3. e5 c5 4. c3 Nc6 5. Nd2 cxd4 6. cxd4 Nxd4 7.
Qa4+ Nc6 8. Bb5 Bd7 9. Bxc6 Bxc6 10. Qd1 Qc7 11. b3 Qxe5+ 12. Qe2 Qxa1 13. Ndf3 Qxc1+ 0-1

[Event "Live Chess"]
[Site "Chess.com"]
[Date "2023.05.21"]
[Round "-"]
[White "wadsy27"]
[Black "MarkLim1"]
[Result "1-0"]
[WhiteElo "2556"]
[BlackElo "1723"]
[TimeControl "300"]
[EndTime "3:02:17 PDT"]
[Termination "wadsy27 won by resignation"]

1. d4 Nf6 2. c4 e6 3. Nf3 d5 4.
Nc3 c5 5. cxd5 Nxd5 6. e4 Nxc3 7. bxc3 cxd4 8. cxd4 Bb4+ 9. Bd2 Bxd2+ 10. Qxd2 O-O 11. Bc4 Nd7 12. O-O b6 13. Rfe1 Bb7 14. Rad1 Rc8 15. Bb3 Nf6 16. d5 exd5 17. e5 Ne4 18. Qf4 Nc5 19. Bc2 Qe7 20. Bxh7+ Kxh7 21. Ng5+ Kg6 22.
Re3 Ne6 23. Nxe6 Qxe6 24. Qh4 f6 25. exf6 Qxf6 26. Rg3+ Kf7 27. Rf3 Rc4 28. Rxf6+ gxf6 29. Qh7+ 1-0

[Event "Live Chess"]
[Site "Chess.com"]
[Date "2023.05.21"]
[Round "-"]
[White "McSlash1"]
[Black "Tushinskiy"]
[Result "0-1"]
[WhiteElo "1996"]
[BlackElo "2160"]
[TimeControl "300"]
[EndTime "3:02:49 PDT"]
[Termination "Tushinskiy won by resignation"]

1. e4 e5 2. Nf3 d6 3. d4 Bg4 4. dxe5 Nd7 5. Bc4 dxe5 6. Nc3 c6 7. h3 Bh5 8. Bg5 Qb6 9. Qd2 Bxf3 10. gxf3 Ngf6 11.
Rd1 Bb4 12. Bxf6 Nxf6 13. Rg1 Kf8 14. a3 Bxc3 15. Qxc3 Re8 16. Qd2 h6 17. f4 exf4 18.
f3 Qxg1+ 0-1

[Event "Live Chess"]
[Site "Chess.com"]
[Date "2023.05.21"]
[Round "-"]
[White "ranvir123"]
[Black "Tech_Titan"]
[Result "1-0"]
[WhiteElo "950"]
[BlackElo "935"]
[TimeControl "300"]
[EndTime "3:02:54 PDT"]
[Termination "ranvir123 won by checkmate"]

1. e4 e5 2. Nf3 Nc6 3. Bc4 h6 4. d4 Nxd4 5. Nxe5 Nc6 6. Nxf7 Qh4 7. Nxh8 Qxe4+ 8. Qe2 Qxe2+ 9. Bxe2 Nge7 10. Bb5 g6 11. Bxc6 bxc6 12. O-O Bg7 13. Nxg6 Nxg6 14.
Re1+ Kd8 15. Nc3 d5 16. Bf4 Nxf4 17. g3 Ng6 18. Rad1 Bd7 19. Rd3 Rb8 20. Na4 Bf6 21. Red1 Bf5 22. R3d2 Bg4 23. Re1 Rb4 24. b3 Kc8 25.
Nc5 Bc3 26. Re8# 1-0